 Dungeon Crawl Stone Soup version 0.31-a0-331-geda263fcf1 (webtiles) character file.

Game seed: 6552261750508685221

35091 LustLizard the Grappler (level 13, 0/91 HPs)
             Began as an Octopode Shapeshifter on July 19, 2023.
             Was a Follower of Uskayaw.
             Slain by a seven-headed hydra (4 damage)
             ... on level 3 of the Lair of Beasts.
             The game lasted 00:39:04 (22392 turns).

LustLizard the Grappler (Octopode Shapeshifter)    Turns: 22392, Time: 00:39:04

Health: 0/91       AC:  1    Str: 19    XL:     13   Next: 81%
Magic:  0/20       EV: 20    Int: 10    God:    Uskayaw [*.....]
Gold:   756        SH:  0    Dex: 13    Spells: 12/12 levels left

rFire   . .          .
                       - Unarmed
rCold   . . .        (no shield)
rNeg    . . .        (helmet restricted)
rPois   .            z - amulet of guardian spirit
rElec   .            p - +5 ring of evasion
rCorr   .            E - ring of willpower
SInv    .            (no ring)
Will    +....        (no ring)
Stlth   +++          (no ring)
HPRegen 0.35/turn    (no ring)
MPRegen 0.17/turn    (no ring)
                     (no ring)

%: guardian spirit
@: maw-form
A: devouring maw, reduced hp, almost no armour, amphibious, 8 rings, camouflage
1, gelatinous body 1, (nimble swimmer 1), tentacles
a: Begin Untransformation, Renounce Religion, Stomp


You were on level 3 of the Lair of Beasts.
You worshipped Uskayaw.
Uskayaw was aware of your devotion.
You were a creature with a mouth for a stomach.
You visited 3 branches of the dungeon, and saw 15 of its levels.

You collected 885 gold pieces.
You spent 129 gold pieces at shops.

Inventory:

Missiles
 l - 30 poisoned darts
 o - a throwing net
Armour
 G - a +1 buckler
Jewellery
 p - a +5 ring of evasion (left tentacle)
 z - an amulet of guardian spirit (around mantle)
 D - an amulet of magic regeneration
 E - a ring of willpower (right tentacle)
 I - a ring of ice
Talismans
 b - a beast talisman
 e - a granite talisman
 y - a maw talisman
Wands
 f - a wand of flame (9)
 B - a wand of mindburst (3)
 F - a wand of paralysis (2) (quivered)
 J - a wand of polymorph (6)
Scrolls
 g - 4 scrolls of fog
 k - 2 scrolls of amnesia
 m - 5 scrolls of immolation
 r - a scroll of enchant armour
 s - 3 scrolls of poison
 u - 3 scrolls of butterflies
 C - a scroll of vulnerability
 H - a scroll of brand weapon
Potions
 a - 2 potions of lignification
 c - 2 potions of resistance
 d - 2 potions of berserk rage
 h - 6 potions of ambrosia
 i - 4 potions of curing
 j - a potion of might
 n - a potion of invisibility
 q - a potion of haste
 t - 2 potions of brilliance {unknown}
 w - 2 potions of magic {unknown}
 x - 3 potions of mutation
 A - 2 potions of enlightenment


   Skills:
 + Level 10.2 Fighting
 + Level 6.2 Dodging
 - Level 4.0 Stealth
 + Level 5.6 Shields
 * Level 14.0 Unarmed Combat
 + Level 10.3 Invocations
 + Level 8.9 Shapeshifting


You had 12 spell levels left.
You didn't know any spells.
Your spell library contained the following spells:

 Spells                   Type           Power      Damage    Failure   Level
 Kiss of Death            Conj/Necr      0%         2d5       36%         1
 Slow                     Hex            0%         N/A       36%         1
 Confusing Touch          Hex            0%         N/A       75%         3
 Hailstorm                Conj/Ice       0%         3d3       75%         3
 Ignite Poison            Fire/Tmut/Pois 0%         N/A       75%         3
 Vampiric Draining        Necr           0%         2d6       75%         3
 Vhi's Electric Charge    Tloc/Air       0%         N/A       75%         3
 Dispel Undead            Necr           0%         3d6       98%         4
 Sticky Flame             Conj/Fire      0%         2d3       98%         4
 Summon Ice Beast         Ice/Summ       0%         N/A       98%         4
 Arcjolt                  Conj/Air       0%         1d10      100%        5
 Plasma Beam              Fire/Air       0%         2x1d10    100%        6
 Simulacrum               Ice/Necr       0%         N/A       100%        6
 Ignition                 Fire           0%         3d3       100%        8


Dungeon Overview and Level Annotations

Branches:
Dungeon (11/15)            Temple (1/1) D:4            Lair (3/5) D:8
  Swamp (0/4) Lair:3          Orc (0/2) D:10
  Snake: Lair:2-3    Spider: Lair:2-3

Altars:
Ashenzari
Cheibriados
Dithmenos
Elyvilon
Fedhas
Gozag
Hepliaklqana
Kikubaaqudgha
Makhleb
Nemelex Xobeh
Okawaru
Qazlal
Ru
Sif Muna
Trog
Uskayaw
Vehumet
Wu Jian
Xom
Yredelemnul
Zin
The Shining One

Shops:
D:3 [!:*(   D:5 ?   D:8 *   D:11 ?

Annotations:
D:7 2 transporters, BrainTurd's ghost, novice VSEn
D:10 3 runed translucent doors, hgbash's ghost, novice TrSh
Temple 2 transporters
Lair:1 exclusion: catoblepas


Innate Abilities, Weirdness & Mutations

You are a creature with a mouth for a stomach.
Your midsection houses a second, enormous mouth.
Your maximum health is decreased, since you lack skill for your form.
You cannot wear most types of armour.
You are amphibious.
You can wear up to eight rings at the same time.
Your skin changes colour to match your surroundings (Stealth+).
Your rubbery body absorbs attacks. (AC +1, EV +1)
((You are camouflaged when in or above water. (Stealth+)))
You have tentacles for arms and can constrict up to eight enemies at once.


Message History

The seven-headed hydra barely misses you.
You are too injured to fight recklessly!
Unknown command.
Aiming: Paralyse
Press: ? - help, Q - select action, (/) - cycle Shift-Dir - straight line, f/p - seven-headed hydra
Aim: a seven-headed hydra (chance to affect: 17%)
The seven-headed hydra resists with almost no effort.
The seven-headed hydra bites you.
The seven-headed hydra closely misses you.
The seven-headed hydra completely misses you.
The seven-headed hydra bites you. x4
* * * LOW HITPOINT WARNING * * *
Aiming: Paralyse
Press: ? - help, Q - select action, (/) - cycle Shift-Dir - straight line, f/p - seven-headed hydra
Aim: a seven-headed hydra (chance to affect: 17%)
The seven-headed hydra resists with almost no effort.
The seven-headed hydra bites you!
* * * LOW HITPOINT WARNING * * *
The seven-headed hydra closely misses you.
The seven-headed hydra barely misses you.
The seven-headed hydra bites you.
* * * LOW HITPOINT WARNING * * *
The seven-headed hydra misses you. The seven-headed hydra bites you.
* * * LOW HITPOINT WARNING * * *
The seven-headed hydra bites you but does no damage.
Okay, then.
You feel much better. The seven-headed hydra misses you.
The seven-headed hydra closely misses you.
The seven-headed hydra bites you. The seven-headed hydra bites you!
* * * LOW HITPOINT WARNING * * *
The seven-headed hydra bites you!
* * * LOW HITPOINT WARNING * * *
The seven-headed hydra completely misses you.
The seven-headed hydra bites you.
* * * LOW HITPOINT WARNING * * *
You batter the seven-headed hydra!! You squeeze the seven-headed hydra.
You bite the seven-headed hydra!
The seven-headed hydra is heavily wounded.
The seven-headed hydra bites you.
You die...

#..###.....##.....#..........
##.....P#P..##....#...รท.....< #
##....####...........<....... #
#......###...................
#####....##.#....................
.#.#.....###.....................
.........#...........##..........
....................###......####
................W...# ....[.##
.................D.###.....##
######.##...(...?..# #
######....#.... ##..# ..... ...
P...## #... ###.. ..#. ...


You could see a seven-headed hydra.

Vanquished Creatures
  Fannar (Lair:2)
  2 hydras (Lair:3)
  4 two-headed ogres
  Nergalle (D:10)
  An ugly thing (D:11)
  15 elephants
  Joseph (D:9)
  3 black mambas
  A torpor snail (Lair:2)
  2 gargoyles (D:11)
  A rime drake (Lair:2)
  6 cane toads
  An unseen horror (D:11)
  2 komodo dragons
  2 trolls
  2 dream sheep (Lair:2)
  15 blink frogs
  Prince Ribbit (D:8)
  A vampire (D:10)
  47 yaks
  3 wyverns
  A wraith (D:11)
  A basilisk (Lair:2)
  3 steam dragons
  Grum (D:8)
  An acid dragon (D:10)
  9 water moccasins
  7 orc warriors
  2 ice beasts
  6 black bears
  A sky beast (D:8)
  2 centaurs
  15 wolves
  6 ogres
  2 phantoms (D:5)
  5 kobold brigands
  8 bullfrogs
  5 gnoll sergeants (D:10)
  5 scorpions
  8 wights (D:6)
  7 killer bees
  3 howler monkeys
  An electric eel (Lair:2)
  2 hounds
  4 jellies
  2 gnoll boudas
  4 orc priests
  5 iguanas
  10 orc wizards
  5 hell rats (Lair:2)
  The ghost of petzl the Sneak, a weakling FoDe (D:3)
  23 gnolls
  8 adders
  A shadow imp (D:7)
  A white imp (D:5)
  2 worms
  3 dart slugs
  29 orcs
  4 endoplasms
  5 giant cockroaches
  A goblin (D:1)
  2 hobgoblins
  3 jackals (D:1)
  18 kobolds
  3 quokkas
  3 ball pythons
  10 bats
  6 frilled lizards
  A rat (D:1)
367 creatures vanquished.

Notes
Turn   | Place    | Note
-------+----------+-------------------------------------------
     0 | D:1      | LustLizard the Octopode Shapeshifter began the quest for
                  | the Orb.
     0 | D:1      | Reached XP level 1. HP: 14/14 MP: 1/1
   178 | D:1      | Reached XP level 2. HP: 19/19 MP: 2/2
   180 | D:1      | Reached skill level 1 in Stealth
   470 | D:1      | Found a faded altar of an unknown god.
   548 | D:1      | Reached XP level 3. HP: 21/24 MP: 3/3
  1543 | D:3      | Reached skill level 3 in Unarmed Combat
  1543 | D:3      | Reached XP level 4. HP: 30/30 MP: 4/4
  1616 | D:3      | Found Suedub's Book Boutique.
  1631 | D:3      | Found Tevvaneobo's Assorted Antiques.
  1650 | D:3      | Bought a bubbling puce potion for 16 gold pieces
  1650 | D:3      | Bought a scroll labelled OCOORUTASK for 18 gold pieces
  1650 | D:3      | Bought a scroll labelled SABYEZ OJUDAEM for 18 gold pieces
  1660 | D:3      | Found a burning altar of Makhleb.
  1764 | D:3      | Found Ykloegu's Distillery.
  1797 | D:3      | Found a runed translucent door.
  1801 | D:3      | Found Izyrromeqa's Weapon Boutique.
  1938 | D:3      | Found Iming's Antique Armour Emporium.
  1974 | D:3      | Noticed petzl's ghost (weakling FoDe)
  2167 | D:3      | Killed petzl's ghost
  2249 | D:4      | Found a staircase to the Ecumenical Temple.
  2258 | Temple   | Found a transporter.
  2258 | Temple   | Found a transporter.
  2258 | Temple   | Found a transporter.
  2258 | Temple   | Found a transporter.
  2258 | Temple   | Entered the Ecumenical Temple
  2273 | Temple   | Became a worshipper of Uskayaw the Reveller
  2293 | D:4      | Reached * piety under Uskayaw
  2297 | D:4      | Reached ** piety under Uskayaw
  2312 | D:3      | Reached XP level 5. HP: 16/36 MP: 5/5
  2397 | D:4      | Noticed a black bear
  2423 | D:4      | Found a radiant altar of Vehumet.
  2542 | D:4      | Reached *** piety under Uskayaw
  2544 | D:4      | Killed a black bear
  2545 | D:4      | Reached skill level 4 in Unarmed Combat
  2545 | D:4      | Reached XP level 6. HP: 23/42 MP: 6/6
  2823 | D:4      | Reached **** piety under Uskayaw
  2826 | D:4      | Reached skill level 1 in Invocations
  3000 | D:4      | Found a basalt altar of Yredelemnul.
  3022 | D:4      | Reached XP level 7. HP: 46/46 MP: 7/7
  3373 | D:5      | Entered Level 5 of the Dungeon
  3448 | D:5      | Reached skill level 5 in Unarmed Combat
  3601 | D:5      | Reached ***** piety under Uskayaw
  3804 | D:5      | Reached XP level 8. HP: 49/54 MP: 9/9
  3888 | D:5      | Found Emotouce's Magic Scroll Shoppe.
  3963 | D:5      | Reached skill level 6 in Unarmed Combat
  4066 | D:5      | Bought a scroll of teleportation for 33 gold pieces
  4066 | D:5      | Bought a scroll of poison for 44 gold pieces
  4804 | D:6      | Reached skill level 5 in Fighting
  4804 | D:6      | Reached skill level 5 in Shapeshifting
  4912 | D:6      | Reached skill level 7 in Unarmed Combat
  5126 | D:6      | Reached XP level 9. HP: 61/61 MP: 12/12
  6026 | D:7      | Found a transporter.
  6030 | D:7      | Noticed BrainTurd's ghost (novice VSEn)
  6038 | D:7      | Reached skill level 8 in Unarmed Combat
  6038 | D:7      | Reached skill level 5 in Invocations
  6100 | D:7      | Found a transporter.
  6891 | D:8      | Noticed a troll
  7079 | D:8      | Noticed a komodo dragon
  7317 | D:8      | Noticed Grum
  7330 | D:7      | Reached skill level 9 in Unarmed Combat
  7330 | D:7      | Reached XP level 10. HP: 57/69 MP: 12/14
  7486 | D:8      | Found an ornate altar of the Wu Jian Council.
  7528 | D:8      | Noticed Prince Ribbit
  7541 | D:8      | Killed Prince Ribbit
  7718 | D:8      | Found a hazy altar of Hepliaklqana.
  7820 | D:8      | Identified the +4 robe of Perfidy {Str-5 Int+2 Archmagi}
  8219 | D:8      | Found a staircase to the Lair.
  8409 | D:8      | Found a shimmering altar of Xom.
  8412 | D:8      | Found a burning altar of Makhleb.
  8412 | D:8      | Found a burning altar of Makhleb.
  8414 | D:8      | Found a shimmering blue altar of Sif Muna.
  8414 | D:8      | Found a shimmering altar of Xom.
  8414 | D:8      | Found an ancient bone altar of Kikubaaqudgha.
  8601 | D:8      | Found Faifrav's General Store.
  8819 | D:9      | Reached skill level 10 in Unarmed Combat
  9254 | D:9      | Noticed a two-headed ogre
  9508 | D:9      | Reached XP level 11. HP: 61/75 MP: 13/16
  9613 | D:9      | Noticed Joseph
  9647 | D:9      | Found a blossoming altar of Fedhas.
 10013 | D:10     | Entered Level 10 of the Dungeon
 10108 | D:9      | Killed Joseph
 10282 | D:9      | HP: 3/77 [yak (13)]
 10551 | D:10     | Found a sacrificial altar of Ru.
 10676 | D:10     | Reached skill level 11 in Unarmed Combat
 10865 | D:10     | Noticed Nergalle
 10880 | D:10     | Killed Nergalle
 11137 | D:10     | Found a shadowy altar of Dithmenos.
 11336 | D:10     | Found a staircase to the Orcish Mines.
 11753 | D:10     | Found a runed translucent gate.
 11753 | D:10     | Found a runed translucent gate.
 12590 | D:10     | Found a runed translucent gate.
 12592 | D:10     | Noticed hgbash's ghost (novice TrSh)
 13058 | D:11     | Noticed a two-headed ogre
 13075 | D:11     | Killed a two-headed ogre
 13076 | D:11     | Reached skill level 1 in Shields
 13176 | D:11     | Reached ****** piety under Uskayaw
 13369 | D:11     | Noticed a two-headed ogre
 13382 | D:11     | Noticed a two-headed ogre
 13447 | D:11     | Killed a two-headed ogre
 13448 | D:11     | Reached skill level 12 in Unarmed Combat
 15177 | D:8      | Killed Grum
 15178 | D:8      | Reached XP level 12. HP: 67/84 MP: 13/18
 15373 | D:9      | Killed a two-headed ogre
 15984 | D:11     | Killed a two-headed ogre
 16281 | D:11     | Found Wezerph's Magic Scroll Shop.
 17036 | Lair:1   | Entered Level 1 of the Lair of Beasts
 18378 | Lair:1   | Noticed a catoblepas
 18744 | Lair:1   | Reached skill level 13 in Unarmed Combat
 18867 | Lair:2   | Reached XP level 13. HP: 54/90 MP: 17/20
 18990 | Lair:2   | Reached skill level 5 in Dodging
 19280 | Lair:2   | Noticed Fannar
 19287 | Lair:2   | Killed Fannar
 20284 | Lair:2   | Reached skill level 10 in Invocations
 20336 | Lair:2   | Reached skill level 5 in Shields
 20401 | Lair:2   | Reached skill level 10 in Fighting
 20913 | Lair:3   | Found a staircase to the Swamp.
 21126 | Lair:3   | HP: 4/90 [poisoned by a water moccasin]
 21129 | Lair:2   | HP: 1/90 [poisoned by a water moccasin]
 21927 | Lair:3   | Reached skill level 14 in Unarmed Combat
 22391 | Lair:3   | HP: 4/91 [seven-headed hydra (9)]
 22392 | Lair:3   | Slain by a seven-headed hydra

Illustrated notes

Levels and vault maps discovered:
D:1:      wander_arrival_chamber, layout_loops_ring,
          shapermc_ecumenical_altar_acropolis, minmay_hedge_maze,
          minmay_misc_feat_columns, minmay_close_crescents
D:2:      layout_loops_ring, kennysheep_doodads
D:3:      layout_basic, mainiacjoe_overflow_tiny_flanked, serial_shops, shop,
          nicolae_shop_statue_plus, shop, nicolae_square_shop,
          nicolae_shop_window_shopping, ebering_ghost_reflecting_pool
D:4:      layout_basic, lemuel_round_altar, general_overflow_altar,
          minmay_temple_entry_trees, hangedman_decor_opposing,
          hangedman_decor_growths, grunt_ministairs_8, minmay_splitting_lines
D:5:      layout_loops_cross, kennysheep_windowed_goal
D:6:      layout_basic
D:7:      layout_loops_ring, gammafunk_ghost_stat_death
D:8:      cheibrodos_quashed, layout_loops_ring,
          nicolae_hepliaklqana_hippocampus, doesnt_xom_only_xom,
          nzn_wu_jian_council_hall, grunt_lair_entry_orc_guard_hut,
          serial_shops, nicolae_shop_pleasant_corner_grove, nrook_mini_vaults,
          grunt_decor_fettered, uniq_prince_ribbit1, uniq_grum
D:9:      layout_roguey, fedhas_altar_1, kennysheep_nub, glass_columns_a,
          minmay_sticks_and_stones
D:10:     layout_roguey, lemuel_tele_altar, nicolae_dithmenos_shadow_blocks,
          kennysheep_orc_monster_closet_entryway, gammafunk_ghost_spectres,
          uniq_nergalle
D:11:     layout_loops_cross, serial_shops, nicolae_shop_getting_attention
Temple:   hellmonk_temple_divided_pantheon
Lair:1:   layout_regular_city, serial_bayou_shore_a, lemuel_fruit_tree
Lair:2:   layout_hall_layers, infiniplex_staircase_pool, uniq_fannar
Lair:3:   layout_layer_cave, minmay_swamp_entry_reptiles,
          nicolae_snake_entry_warm_welcome, small_statue_intersection,
          grunt_megastairs_1

Skill      XL: |  1  2  3  4  5  6  7  8  9 10 11 12 13 |
---------------+----------------------------------------+-----
Stealth        | 1 2 3 4 |  4.0
Unarmed Combat | 3 4 5 7 9 10 12 13 14 | 14.0
Fighting       | 3 4 5 6 7 8 9 10 | 10.2
Invocations    | 1 2 4 5 7 8 9 10 | 10.3
Shapeshifting  | 4 5 6 7 8 |  8.9
Shields        | 1 4 5 |  5.6
Dodging        | 4 6 |  6.2

Action                     |  1- 3 |  4- 6 |  7- 9 | 10-12 | 13-15 || total
---------------------------+-------+-------+-------+-------+-------++-------
  Melee: Unarmed           |    54 |    96 |   188 |   475 |   201 ||  1014
         Constrict         |    16 |    14 |    42 |    70 |    31 ||   173
         Tentacles         |    10 |    14 |    41 |   124 |    51 ||   240
         Punch             |     1 |     1 |    15 |    35 |    26 ||    78
         Maw               |       |       |       |       |    42 ||    42
  Throw: Dart              |       |     6 |    37 |   103 |       ||   146
 Invoke: Stomp             |       |       |       |       |     1 ||     1
  Evoke: Wand              |       |       |       |       |     9 ||     9
    Use: Scroll            |       |     3 |     5 |    11 |     6 ||    25
         Potion            |       |     2 |       |     2 |     5 ||     9
   Stab: Sleeping          |     9 |     9 |    10 |     3 |     2 ||    33
         Paralysed         |       |     2 |     4 |    27 |    20 ||    53
         Distracted        |       |       |       |     2 |     1 ||     3
 Armour: Skin              |     3 |    16 |     4 |    10 |    70 ||   103
  Dodge: Dodged            |    27 |    55 |   136 |   302 |   177 ||   697
   Form: Maw               |       |       |       |       |     1 ||     1

Table legend: (Time is in decaauts)
 A = Elapsed time spent in this place.
 B = Non-inter-level travel time spent in this place.
 C = Inter-level travel time spent in this place.
 D = Time resting spent in this place.
 E = Time spent auto-exploring this place.
 F = Levels seen in this place.
 G = Mean time per level.
                   A        B        C        D        E       F      G
               +--------+--------+--------+--------+--------+-----+--------+
         Total |  22244 |  20558 |   1686 |   5762 |  11199 |  15 | 1482.9 |
       Dungeon |  16994 |  15481 |   1513 |   4549 |   8168 |  11 | 1544.9 |
        Temple |     30 |     17 |     13 |      0 |      0 |   1 |   30.0 |
          Lair |   5219 |   5060 |    159 |   1213 |   3031 |   3 | 1739.7 |
               +--------+--------+--------+--------+--------+-----+--------+

Top non-repeatable levels by time:
    D:11: 3310 daAuts
  Lair:2: 2352 daAuts
    D:10: 2272 daAuts
     D:8: 2104 daAuts
     D:9: 1950 daAuts
  Lair:1: 1725 daAuts
     D:7: 1468 daAuts
     D:6: 1444 daAuts
  Lair:3: 1141 daAuts
     D:5: 1110 daAuts
     D:4: 1001 daAuts
     D:3: 793 daAuts
     D:2: 774 daAuts
     D:1: 763 daAuts
  Temple: 30 daAuts
